Map: Ruby Rock LE

Players

Temper - Winner!

  • Race: Zerg Zerg
  • League: Diamond
  • Spawn Location: 11:00

KINGnaama

  • Race: Terran Terran
  • League: Master
  • Spawn Location: 5:00

VOD

Have the link to the VOD?

Description

Time

  • Played on: Nov. 30, 2025, 2:14 p.m.
  • Length: 8:56
Show
View Real Time Build Order
Export as new Build Order

Temper Zerg - Winner!

Build Orders: Hatch First 

Get SALT Encoding   

  12  0:00  Drone  
  13  0:12  Overlord  
  13  0:17  Drone  
  14  0:30  Drone x2  
  16  0:46  Hatchery  
  16  0:49  Drone  
  16  0:52  Drone  
  17  1:07  Spawning Pool  
  17  1:09  Drone  
  17  1:13  Drone  
  17  1:17  Drone  
  19  1:28  Drone  
  20  1:41  Drone  
  20  1:43  Hatchery  
  20  1:54  Queen  
  20  2:00  Queen  
  24  2:03  Zergling x2  
  24  2:06  Zergling x2  
  26  2:11  Overlord  
  26  2:14  Drone  
  27  2:17  Drone  
  28  2:25  Overlord  
  28  2:36  Queen  
  29  2:39  Queen  
  29  2:42  Drone  
  32  2:48  Drone x2  
  32  2:49  Drone  
  35  2:52  Drone  
  35  2:56  Zergling x4  
  37  2:59  Drone  
  37  3:05  Drone x2  
  40  3:10  Queen  
  42  3:17  Drone x3  
  45  3:22  Drone x2  
  45  3:23  Drone  
  45  3:27  Overlord  
  48  3:30  Overlord  
  48  3:33  Extractor  
  47  3:34  Extractor  
  47  3:40  Evolution Chamber  
  45  3:43  Evolution Chamber  
  45  3:48  Roach Warren  
  43  3:50  Drone  
  43  3:51  Drone x3  
  43  3:53  Drone  
  43  3:54  Drone  
  49  3:56  Drone  
  49  3:58  Drone  
  51  4:03  Drone, Spore Crawler  
  51  4:05  Spore Crawler  
  51  4:06  Drone  
  51  4:08  Drone  
  52  4:17  Overlord  
  52  4:21  Drone, Spore Crawler  
  52  4:28  Roach x2  
  56  4:33  Drone  
  56  4:38  Drone  
  56  4:40  Roach  
  56  4:41  Roach x2  
  56  4:45  Drone x3  
  63  4:46  Overlord  
  63  4:47  Overlord  
  65  4:58  Lair  
  65  5:08  Drone x4  
  65  5:09  Drone x7  
  65  5:11  Drone  
  65  5:13  Extractor  
  65  5:14  Drone, Extractor  
  76  5:22  Drone  
  76  5:23  Drone x4  
  76  5:25  Overlord  
  76  5:26  Overlord  
  81  5:35  Overlord  
  81  5:38  Zerg Missile Weapons Level 1  
  81  5:40  Zerg Ground Armor Level 1  
  81  5:49  Extractor  
  80  5:53  Extractor  
  80  5:54  Drone x2  
  80  5:55  Drone x3  
  84  5:57  Glial Reconstitution  
  84  5:59  Drone x3  
  84  6:00  Drone x3, Overlord  
  84  6:02  Roach x3  
  96  6:13  Overseer  
  96  6:14  Roach  
  96  6:15  Roach  
  96  6:16  Roach  
  102  6:20  Roach x2  
  102  6:22  Hatchery, Overlord  
  105  6:28  Roach  
  105  6:29  Roach x3  
  113  6:35  Overlord x3  
  113  6:50  Overlord x2  
  113  6:52  Overlord  
  113  6:55  Roach x6  
  113  7:00  Roach  
  113  7:01  Roach x5  
  136  7:07  Roach  
  136  7:08  Roach  
  140  7:10  Roach  
  140  7:13  Roach x3  
  146  7:19  Overseer x2  
  146  7:20  Overseer  
  146  7:22  Ravager  
  147  7:23  Ravager x4  
  147  7:26  Roach x2  
  147  7:27  Roach  
  157  7:33  Roach x2  
  161  7:50  Roach  
  161  7:51  Roach x2, Overlord  
  167  7:52  Overlord x5  
  153  8:07  Roach  
  153  8:08  Roach x8  
  155  8:22  Roach  
  155  8:23  Roach x11  
  167  8:36  Roach x3  
  167  8:37  Roach  
Show
View Real Time Build Order
Export as new Build Order

KINGnaama Terran 

Build Orders: Reaper Expand 

Get SALT Encoding   

  12  0:00  SCV  
  13  0:13  SCV  
  14  0:20  Supply Depot  
  14  0:25  SCV  
  15  0:41  SCV  
  15  0:42  Barracks  
  16  0:47  Refinery  
  17  0:57  SCV  
  17  1:13  SCV  
  18  1:28  Orbital Command  
  18  1:33  Reaper  
  19  1:44  Command Center  
  19  1:47  Supply Depot  
  19  1:52  Refinery  
  19  1:55  SCV  
  20  2:09  SCV  
  20  2:10  Factory  
  20  2:12  Marine  
  22  2:21  SCV  
  23  2:31  Supply Depot  
  23  2:33  Barracks Reactor  
  23  2:36  SCV  
  24  2:58  Starport  
  24  2:59  Orbital Command  
  24  3:05  SCV  
  25  3:17  Hellion x2  
  29  3:23  SCV  
  29  3:26  SCV  
  31  3:29  Barracks Tech Lab  
  31  3:35  SCV  
  32  3:42  Command Center  
  32  3:44  SCV  
  33  3:53  SCV  
  34  3:56  SCV  
  34  4:02  Banshee  
  38  4:04  Hellion  
  38  4:05  Hellion  
  38  4:07  SCV  
  38  4:08  SCV  
  44  4:17  Barracks Tech Lab  
  44  4:19  Supply Depot, SCV  
  44  4:20  Supply Depot  
  44  4:22  SCV  
  46  4:27  Supply Depot  
  46  4:31  SCV  
  46  4:34  SCV  
  48  4:42  Stimpack  
  48  4:43  SCV  
  50  4:46  SCV  
  49  4:54  Supply Depot  
  49  4:55  SCV  
  49  4:57  Orbital Command, Supply Depot  
  49  4:58  SCV  
  51  5:00  Viking, Medivac  
  51  5:01  Siege Tank  
  51  5:02  Marine  
  59  5:07  SCV  
  59  5:10  SCV  
  61  5:19  SCV  
  62  5:21  Barracks  
  62  5:22  Barracks  
  62  5:23  SCV  
  62  5:24  SCV  
  64  5:31  Barracks  
  64  5:32  Barracks x2  
  64  5:34  SCV  
  65  5:45  Barracks  
  65  5:46  SCV x2  
  65  5:47  Barracks  
  65  5:48  Barracks  
  67  5:50  Refinery x2  
  67  5:53  Siege Tank  
  70  6:02  SCV  
  70  6:04  SCV  
  72  6:05  SCV  
  72  6:09  Marauder  
  75  6:15  SCV  
  75  6:17  SCV  
  77  6:22  Engineering Bay  
  77  6:24  Engineering Bay  
  77  6:25  Armory  
  77  6:26  Supply Depot  
  77  6:27  Supply Depot  
  77  6:29  Barracks Reactor x4  
  77  6:33  SCV  
  77  6:35  Barracks Reactor, Siege Tank  
  77  6:38  SCV  
  82  6:41  Barracks Reactor x2  
  82  6:42  Barracks Reactor  
  82  6:43  SCV  
  82  6:45  SCV  
  84  6:49  Refinery x2, Marauder  
  84  6:50  SCV  
  87  6:55  SCV  
  87  6:57  SCV  
  87  6:58  Terran Infantry Weapons Level 1  
  87  6:59  Terran Infantry Armor Level 1  
  89  7:02  SCV  
  89  7:07  SCV, Siege Tank  
  94  7:10  Marine, Medivac  
  94  7:12  SCV  
  94  7:14  SCV  
  99  7:18  Marine x2  
  99  7:19  Supply Depot  
  99  7:20  Supply Depot, Marine, SCV  
  99  7:21  Marine, Supply Depot  
  104  7:28  Marine  
  104  7:29  Medivac  
  107  7:30  Marine x2  
  107  7:31  Marine x3  
  107  7:32  Marine  
  107  7:36  Marine x2  
  115  7:39  Siege Tank  
  115  7:42  Medivac  
  115  7:43  Marine x3  
  115  7:44  Marine x2  
  117  7:45  SCV x2  
  117  7:46  Marine  
  119  7:54  Marine  
  119  7:55  Marine x6  
  119  7:56  Marine x3  
  119  7:57  Marine  
  130  8:04  Marauder  
  128  8:07  Supply Depot  
  128  8:10  Supply Depot  
  128  8:11  Siege Tank  
  110  8:16  Marine  
  110  8:19  Marine  
  99  8:20  Marine  
  99  8:21  Supply Depot  
  99  8:22  Supply Depot  
  99  8:23  Marine x3  
  99  8:24  Marine  
  99  8:25  Marine, Marauder  
  82  8:30  Marine  
  82  8:31  Marine x3  
  82  8:33  Marine  
  71  8:37  Marine  
  71  8:38  Marine  
Tags
 
Add a new tag
Caveats
  • Supply blocks, unpowered buildings, or Contaminate may cause inaccurate times.
  • Supply counts are checked every 10 seconds.